 Dungeon Crawl Stone Soup version 0.23.2-33-g5129a83184 (webtiles) character file.

Game seed: 6726071037364235726

58230 H0rd4k the Slicer (level 15, 0/111 HPs)
             Began as a Human Artificer on Aug 7, 2019.
             Was an Initiate of Sif Muna.
             Killed from afar by an orc wizard (9 damage)
             ... with a puff of flame
             ... led by an orc high priest
             ... on level 2 of the Orcish Mines.
             The game lasted 01:53:21 (31470 turns).

H0rd4k the Slicer (Human Artificer)                Turns: 31470, Time: 01:53:21

Health: 0/111      AC: -1    Str: 15    XL:     15   Next: 29%
Magic:  32/32      EV: 18    Int: 22    God:    Sif Muna [......]
Gold:   3780       SH:  4    Dex: 14    Spells: 20/33 levels left

rFire    . . .     SeeInvis .   y - +7 falchion (holy)
rCold    . . .     Gourm    .   (no shield)
rNeg     . . .     Faith    .   O - +3 leather armour of Salvation {Int+7}
rPois    .         Spirit   .   M - +0 Maxwell's etheric cage {RegenMP+ *Contam rElec MP+4}
rElec    +         Reflect  +   p - +0 cloak
rCorr    .         Harm     .   u - +2 pair of gloves
MR       ++...                  b - +2 pair of boots {Fly}
Stlth    +++.......             x - +4 amulet of reflection
HPRegen  0.28/turn              X - ring of fire MPRegen 0.73/turn*
                                G - ring of ice

@: corroded, berserk cooldown, flying, slowed, very slow
A: iridescent scales 1, blurry vision 1, magic resistance 1, wild magic 1
a: Renounce Religion, Stop Flying


You were on level 2 of the Orcish Mines.
You worshipped Sif Muna.
Sif Muna was noncommittal.
You were hungry.

You visited 4 branches of the dungeon, and saw 21 of its levels.
You also visited: Gauntlet and Volcano.

You collected 6509 gold pieces.
You spent 1068 gold pieces at shops.
You paid 1661 gold pieces to Gozag.

Inventory:

Hand Weapons
 l - a +2 dagger of electrocution
 y - a +7 falchion of holy wrath (weapon)
Missiles
 e - 7 silver tomahawks (quivered)
 s - 29 tomahawks
 C - 126 sling bullets
 T - 3 tomahawks of returning
Armour
 b - a +2 pair of boots of flying (worn)
 p - a +0 cloak (worn)
 u - a +2 pair of gloves (worn)
 A - a +2 scale mail of magic resistance
 M - the +0 Maxwell's etheric cage (worn) {RegenMP+ *Contam rElec MP+4}
   (You bought it in a shop on level 10 of the Dungeon)

   It insulates you from electricity.
   It affects your magic capacity (+4).
   It causes magical contamination when unequipped.
 N - the +4 robe "Tutymusi" {rC+ Regen+ Str-2}
   (You bought it in a shop on level 10 of the Dungeon)

   It affects your strength (-2).
   It protects you from cold.
   It increases your rate of regeneration.
 O - the +3 leather armour of Salvation (worn) {Int+7}
   (You found it on level 1 of the Lair of Beasts)

   It affects your intelligence (+7).
Magical Staves
 a - an uncursed staff of air
 E - an uncursed staff of conjuration
 F - an uncursed staff of cold
Jewellery
 k - an uncursed ring of resist corrosion
 x - a +4 amulet of reflection (around neck)
 G - a ring of ice (right hand)
 L - a +3 ring of dexterity
 R - an uncursed ring of ice
 X - a ring of fire (left hand)
Wands
 i - a wand of clouds (2)
 q - a wand of flame (35)
 H - a wand of polymorph (7)
 W - a wand of paralysis (7)
Scrolls
 c - 7 scrolls of remove curse
 h - 6 scrolls of teleportation
 j - 10 scrolls of identify
 n - 4 scrolls of magic mapping
 v - 2 scrolls of fog
 z - 7 scrolls of amnesia
 B - a scroll of silence
 K - 3 scrolls of enchant armour
Potions
 g - 2 potions of degeneration
 o - a potion of magic
 r - 3 potions of brilliance
 w - 2 potions of lignification
 I - 4 potions of resistance
 P - 3 potions of cancellation
 S - a potion of flight
Miscellaneous
 Q - a box of beasts


   Skills:
 + Level 8.3 Fighting
 + Level 10.1(10.6) Short Blades
 + Level 5.3(8.4) Long Blades
 - Level 7.5 Armour
 + Level 9.8 Dodging
 - Level 5.8 Stealth
 + Level 9.8 Spellcasting
 + Level 6.8 Conjurations
 + Level 5.6 Charms
 + Level 1.6 Translocations
 + Level 9.6 Ice Magic
 + Level 1.6 Air Magic
 - Level 5.2 Evocations


You had 20 spell levels left.
You knew the following spells:

 Your Spells              Type           Power        Failure   Level  Hunger
a - Throw Frost           Conj/Ice       ######       1%          2    None
b - Blink                 Tloc           N/A          10%         2    None
c - Ozocubu's Armour      Chrm/Ice       ######..     1%          3    None
d - Swiftness             Chrm/Air       ####....     4%          2    None
e - Throw Icicle          Conj/Ice       #######.     4%          4    ##.....

Your spell library contained the following spells:

 Spells                   Type           Power        Failure   Level  Hunger
 Freeze                   Ice            ####         1%          1    None
 Magic Dart               Conj           ####         1%          1    None
 Shock                    Conj/Air       ####         2%          1    None
 Sting                    Conj/Pois      ####         3%          1    None
 Shroud of Golubria       Chrm/Tloc      ####......   4%          2    None
 Static Discharge         Conj/Air       #####...     6%          3    None
 Conjure Flame            Conj/Fire      ######..     9%          3    None
 Stone Arrow              Conj/Erth      ####..       9%          3    None
 Mephitic Cloud           Conj/Pois/Air  ####....     11%         3    None
 Regeneration             Chrm/Necr      ####......   11%         3    None
 Spectral Weapon          Hex/Chrm       ####....     11%         3    None
 Animate Skeleton         Necr           N/A          12%         1    None
 Confusing Touch          Hex            ##....       12%         1    None
 Pain                     Necr           ##..         12%         1    None
 Summon Small Mammal      Summ           ##..         12%         1    None
 Poisonous Vapours        Pois/Air       ###...       12%         2    None
 Summon Ice Beast         Ice/Summ       ######..     14%         4    ##.....
 Call Imp                 Summ           ##......     16%         2    None
 Slow                     Hex            ##......     16%         2    None
 Gell's Gravitas          Tloc           ###.......   17%         3    None
 Lesser Beckoning         Tloc           ###.......   17%         3    None
 Teleport Other           Tloc           ###.....     17%         3    None
 Iskenderun's Battlesphe  Conj/Chrm      #####...     22%         5    ####...
 Call Canine Familiar     Summ           ##......     30%         3    None
 Confuse                  Hex            ##......     30%         3    None
 Summon Guardian Golem    Hex/Summ       ##......     30%         3    None
 Vampiric Draining        Necr           ##........   30%         3    None
 Metabolic Englaciation   Hex/Ice        ######....   36%         5    ####...
 Lightning Bolt           Conj/Air       #####.....   43%         5    ####...
 Airstrike                Air            ###.......   45%         4    ##.....
 Passage of Golubria      Tloc           N/A          45%         4    ##.....
 Summon Lightning Spire   Summ/Air       ###.....     54%         4    ##.....
 Venom Bolt               Conj/Pois      ####......   54%         5    ####...
 Excruciating Wounds      Chrm/Necr      ####......   63%         5    ####...
 Animate Dead             Necr           N/A          67%         4    ##.....
 Cause Fear               Hex            ##........   67%         4    ##.....
 Olgreb's Toxic Radiance  Pois           ##......     67%         4    ##.....
 Petrify                  Tmut/Erth      ##......     67%         4    ##.....
 Bolt of Magma            Conj/Fire/Erth #####.....   71%         5    ####...
 Silence                  Hex/Air        ###.......   87%         5    ####...
 Lee's Rapid Deconstruct  Erth           ##........   94%         5    ####...
 Yara's Violent Unravell  Hex/Tmut       ##........   94%         5    ####...
 Deflect Missiles         Chrm/Air       ####......   96%         6    ######.
 Iron Shot                Conj/Erth      ####......   97%         6    ######.
 Orb of Destruction       Conj           ######....   99%         7    #######
 Spellforged Servitor     Conj/Summ      ####......   100%        7    #######
 Discord                  Hex            ##........   100%        8    #######


Dungeon Overview and Level Annotations

Branches:
Dungeon (12/15)            Temple (1/1) D:5            Lair (6/6) D:11
 Shoals (0/4) Lair:4        Slime (0/5) Lair:6          Orc (2/2) D:11
    Elf (0/3) Orc:2
  Snake: Lair:2-4    Spider: Lair:2-4

Altars:
Ashenzari
Cheibriados
Dithmenos
Elyvilon
Fedhas
Gozag
Hepliaklqana
Kikubaaqudgha
Makhleb
Nemelex Xobeh
Okawaru
Qazlal
Ru
Sif Muna
Trog
Uskayaw
Vehumet
Wu Jian
Xom
Yredelemnul
Zin
The Shining One

Shops:
D:4 ?   D:5 (   D:10 [   Lair:2 *

Annotations:
D:3 exclusion: downstairs
D:6 exclusions: downstairs and ogre, Edmund
D:9 exclusion: 2 downstairs, Joseph
D:10 exclusion: 2 downstairs
D:12 exclusions: ugly thing and upstairs
Lair:3 Rupert
Lair:5 exclusion: 2 downstairs


Innate Abilities, Weirdness & Mutations

You are partially covered in iridescent scales. (AC +2)
Scrolls take you a little longer to read.
You are resistant to hostile enchantments. (MR+)
Your spells are a little harder to cast, but a little more powerful.


Message History

r - Retreat! s - Stop attacking. g - Guard the area. f - Follow me.
Anything else - Cancel.
Gang up on whom?
Press: ? - help, Dir - move target cursor, f - orc warrior, p - orc warrior
Aim: an orc warrior, wielding a +0 battleaxe and wearing a +0 plate armour Attack!
The orc warrior hits your orc warrior with a +0 battleaxe!!
You hear some strange, mumbled words.
A puff of flame appears from out of thin air!
The puff of flame hits your orc warrior.
Your orc warrior hits the orc warrior with a +0 trident.
Something hits your orc warrior but does no damage.
The orc warrior hits your orc warrior with a +0 battleaxe!
Your orc warrior dies!
The orc warrior looks more experienced.
There is a stone staircase leading up here.
A puff of flame appears from out of thin air!
The puff of flame hits you!
You die...

##..#.##...............
#......................
........$...............
.#..............#......#
# .....................$
.....$...............$
##..................
#.....<$.{......#...
.....$.)$#Oo.@.......
.......$.............
.....................
#.#$.................
...#..###...$........
...### #....$...##.# ..
#.......... .
....>..$... $


You could see an orc warrior and an ogre.

Vanquished Creatures
  Gastronok (D:11)
  Snorg (D:11)
  Harold (D:11)
  3 hydras
  A centaur warrior (Volcano)
  3 two-headed ogres
  2 ogre magi (Orc:2)
  3 orc high priests
  A hell knight (Volcano)
  A fire crab (Lair:6)
  4 trolls
  2 manticores
  A centaur zombie (D:11)
  8 elephants
  5 black mambas
  25 spiny frogs
  2 rime drakes
  A komodo dragon (Lair:5)
  2 yaktaurs (Volcano)
  A polar bear (Lair:6)
  27 blink frogs
  A slime creature (D:10)
  5 tyrant leeches
  6 hippogriffs
  A spriggan (D:8)
  A shadow (D:7)
  Sigmund (D:2)
  47 yaks
  2 wyverns
  2 basilisks
  2 hungry ghosts (D:11)
  8 vampire mosquitoes
  2 wraiths
  Grum (Lair:1)
  5 wargs
  A steam dragon (D:12)
  Menkaure (D:4)
  A two-headed ogre zombie (D:11)
  Duvessa (D:4)
  7 porcupines
  Purgy (D:4)
  8 water moccasins
  A hornet zombie (D:10)
  2 black bears (D:7)
  6 ice beasts
  4 phantoms
  14 orc warriors
  An eye of draining (D:12)
  4 necrophages
  12 wolves
  A sky beast (D:12)
  19 ogres
  7 centaurs
  7 crocodiles
  An elf zombie (D:9)
  A big kobold (D:11)
  24 bullfrogs
  A gnoll sergeant (D:9)
  An elf skeleton (D:9)
  Dowan (D:4)
  A wyvern zombie (D:11)
  A scorpion (D:4)
  2 troll zombies (D:11)
  3 killer bees (D:10)
  A howler monkey (D:6)
  3 wights (D:7)
  3 electric eels
  6 jellies
  5 crimson imps
  A quasit (D:9)
  A bullfrog zombie (D:9)
  22 orc wizards
  2 hounds
  4 human zombies (D:9)
  15 orc priests
  3 bullfrog skeletons
  A centaur skeleton (D:9)
  2 human skeletons (D:9)
  3 iguanas
  5 worker ants
  4 ogre zombies (D:11)
  A hound zombie (D:6)
  2 hound skeletons
  A mummy (D:9)
  A worker ant zombie (D:5)
  19 gnolls
  15 adders
  3 shadow imps
  7 oozes
  3 adder skeletons
  3 worms
  A dart slug (D:1)
  A leopard gecko (D:3)
  66 orcs
  9 bats
  6 giant cockroaches
  7 goblins
  10 hobgoblins
  11 jackals
  6 kobolds
  8 quokkas
  A ball python (D:1)
  4 frilled lizards
  A giant cockroach zombie (D:5)
  2 goblin skeletons (D:11)
  4 goblin zombies (D:11)
  A jackal zombie (D:8)
  3 orc skeletons (D:11)
  13 orc zombies (D:11)
  A quokka skeleton (D:4)
  A quokka zombie (D:5)
  5 rats
610 creatures vanquished.

Vanquished Creatures (collateral kills)
  A two-headed ogre (D:11)
  A troll zombie (D:11)
  A hobgoblin zombie (D:11)
  2 orc zombies (D:11)
5 creatures vanquished.

Vanquished Creatures (others)
  A two-headed ogre (D:10)
  A hippogriff (D:11)
  An orc warrior (Orc:2)
  An ice beast (D:10)
  2 centaurs
  2 bullfrogs
  2 worker ants
  2 orcs
  A kobold (D:10)
  2 bushes (Lair:6)
  8 fungi
  61 plants
84 creatures vanquished.

Grand Total: 699 creatures vanquished

Notes
Turn   | Place    | Note
-------+----------+-------------------------------------------
     0 | D:1      | H0rd4k the Human Artificer began the quest for the Orb.
     0 | D:1      | Reached XP level 1. HP: 15/15 MP: 3/3
    90 | D:1      | Reached XP level 2. HP: 3/21 MP: 4/4
   730 | D:1      | Reached XP level 3. HP: 18/26 MP: 5/5
   752 | D:1      | You fall through a shaft!
   845 | D:2      | Reached skill level 1 in Armour
   930 | D:2      | Found a sparkling altar of Nemelex Xobeh.
  1200 | D:2      | Noticed Sigmund
  1211 | D:2      | Killed Sigmund
  1211 | D:2      | Reached skill level 2 in Short Blades
  1211 | D:2      | Reached XP level 4. HP: 33/33 MP: 6/6
  1211 | D:2      | Reached XP level 5. HP: 38/38 MP: 7/7
  1211 | D:2      | Reached XP level 6. HP: 44/44 MP: 8/8
  1329 | D:2      | Found a shattered altar of Ashenzari.
  1329 | D:2      | Found an ancient bone altar of Kikubaaqudgha.
  1995 | D:3      | Reached skill level 3 in Short Blades
  3041 | D:3      | Found an opulent altar of Gozag.
  3050 | D:3      | Became a worshipper of Gozag Ym Sagoz the Greedy
  3473 | D:4      | Found Veyfadau's Magic Scroll Shoppe.
  3480 | D:4      | Noticed Duvessa
  3497 | D:4      | Noticed Dowan
  3512 | D:4      | Killed Duvessa
  3512 | D:4      | Reached XP level 7. HP: 43/51 MP: 8/10
  3524 | D:4      | Killed Dowan
  3569 | D:4      | Bought a scroll of enchant weapon for 75 gold pieces
  3569 | D:4      | Bought a scroll of teleportation for 30 gold pieces
  3587 | D:4      | Noticed Purgy
  3832 | D:4      | Reached skill level 4 in Short Blades
  3935 | D:4      | Found a basalt altar of Yredelemnul.
  4052 | D:4      | Killed Purgy
  4052 | D:4      | Reached XP level 8. HP: 43/58 MP: 11/11
  4059 | D:4      | Noticed Menkaure
  4356 | D:4      | Killed Menkaure
  4356 | D:4      | Reached skill level 5 in Short Blades
  4449 | D:4      | Found a glowing golden altar of the Shining One.
  4592 | D:4      | Noticed an angel
  4598 | D:4      | Noticed a profane servitor
  4639 | D:5      | Entered Level 5 of the Dungeon
  5144 | D:5      | Reached skill level 1 in Long Blades
  5174 | D:5      | Reached XP level 9. HP: 48/65 MP: 12/12
  5437 | D:6      | Reached skill level 6 in Short Blades
  5858 | D:6      | Noticed Edmund
  6087 | D:7      | Found a flagged portal.
  6141 | D:7      | Reached skill level 5 in Dodging
  6673 | D:6      | Reached skill level 5 in Fighting
  6950 | D:7      | Reached skill level 7 in Short Blades
  7218 | D:7      | Reached XP level 10. HP: 74/74 MP: 13/13
  7375 | D:7      | Found a blossoming altar of Fedhas.
  7376 | D:7      | Found an opulent altar of Gozag.
  8082 | D:5      | Found a staircase to the Ecumenical Temple.
  8252 | D:5      | Found Gaas's Weapon Shop.
  8773 | D:7      | Reached skill level 8 in Short Blades
  9380 | D:8      | Reached skill level 5 in Armour
  9721 | D:9      | Reached skill level 5 in Stealth
  9872 | D:9      | Learned a level 2 spell: Throw Frost
  9876 | D:9      | Learned a level 3 spell: Summon Guardian Golem
  9880 | D:9      | Learned a level 3 spell: Ozocubu's Armour
 10161 | D:9      | Reached skill level 1 in Ice Magic
 10171 | D:9      | Reached skill level 1 in Spellcasting
 10237 | D:9      | Found an ancient bone altar of Kikubaaqudgha.
 10288 | D:9      | Noticed Joseph
 10303 | D:10     | Entered Level 10 of the Dungeon
 10307 | D:10     | Reached XP level 11. HP: 70/83 MP: 14/14
 10317 | D:10     | Noticed a two-headed ogre
 10321 | D:10     | Reached skill level 9 in Short Blades
 10378 | D:10     | Killed a troll
 10991 | D:9      | Reached skill level 5 in Evocations
 11090 | D:10     | Noticed a manticore
 11090 | D:10     | Noticed a catoblepas
 11159 | D:10     | Killed a manticore
 11355 | D:11     | Noticed a five-headed hydra
 12236 | D:11     | Noticed a two-headed ogre
 12984 | D:11     | Killed a two-headed ogre
 13523 | D:10     | Bought the +0 Maxwell's etheric cage {RegenMP+ *Contam
                  | rElec MP+4} for 400 gold pieces
 13523 | D:10     | Found the +0 Maxwell's etheric cage {RegenMP+ *Contam rElec
                  | MP+4}
 13523 | D:10     | Bought the +4 robe "Tutymusi" {rC+ Regen+ Str-2} for 305
                  | gold pieces
 13545 | D:10     | Learned a level 2 spell: Blink
 13693 | D:10     | Killed a five-headed hydra
 13693 | D:10     | Reached skill level 1 in Conjurations
 13693 | D:10     | Reached skill level 1 in Charms
 13723 | D:11     | Learned a level 2 spell: Swiftness
 13736 | D:11     | Noticed Gastronok
 13759 | D:10     | Reached XP level 12. HP: 78/89 MP: 17/17
 13994 | D:11     | Noticed Snorg
 14304 | D:11     | Noticed Harold
 14487 | D:12     | Identified a scroll of acquirement
 14529 | D:12     | Reached skill level 5 in Ice Magic
 14556 | D:12     | Learned a level 4 spell: Throw Icicle
 14737 | D:12     | Reached skill level 5 in Spellcasting
 15117 | D:11     | Found a staircase to the Lair.
 15141 | Lair:1   | Entered Level 1 of the Lair of Beasts
 15151 | Lair:1   | Got a faintly humming leather armour
 15162 | Lair:1   | Identified the +3 leather armour of Salvation {Int+7} (You
                  | found it on level 1 of the Lair of Beasts)
 15753 | Lair:1   | Reached skill level 1 in Translocations
 15957 | Lair:1   | Reached skill level 1 in Air Magic
 16004 | Lair:1   | Noticed Grum
 16089 | Lair:1   | Reached XP level 13. HP: 67/95 MP: 22/22
 16238 | Lair:1   | Killed Grum
 17115 | Lair:2   | Found a gate leading to a gauntlet.
 17140 | Lair:2   | Bought a +2 pair of boots of flying for 258 gold pieces
 17148 | Gauntlet | Entered a Gauntlet
 17148 | Gauntlet | Found a transporter.
 17148 | Gauntlet | Found a transporter.
 17155 | Gauntlet | Found a transporter.
 17155 | Gauntlet | Found a transporter.
 17162 | Gauntlet | Found a transporter.
 17170 | Gauntlet | Found a transporter.
 17172 | Gauntlet | Found a transporter.
 17195 | Gauntlet | Found a transporter.
 17200 | Gauntlet | Found a transporter.
 17201 | Gauntlet | Noticed a great orb of eyes
 17256 | Gauntlet | Found a transporter.
 17296 | Gauntlet | Found a transporter.
 17311 | Gauntlet | Found a transporter.
 17325 | Gauntlet | Found a transporter.
 17420 | Gauntlet | Found a transporter.
 17436 | Gauntlet | Found a transporter.
 17449 | Gauntlet | Found a transporter.
 19234 | Lair:3   | Noticed Rupert
 19754 | Lair:4   | Found a staircase to the Shoals.
 21611 | Lair:6   | Entered Level 6 of the Lair of Beasts
 22122 | Lair:6   | Reached skill level 5 in Conjurations
 22420 | Lair:6   | Reached XP level 14. HP: 39/103 MP: 18/26
 22793 | Lair:6   | Found a staircase to the Slime Pits.
 24149 | Lair:6   | Reached skill level 5 in Charms
 25087 | Lair:6   | Identified Hias's Papyrus of the Helpful Rocks
 27015 | D:11     | Killed Harold
 27070 | D:11     | Found a staircase to the Orcish Mines.
 27549 | Orc:1    | Entered Level 1 of the Orcish Mines
 27587 | Orc:1    | You are sucked into a shaft!
 27587 | Orc:2    | Entered Level 2 of the Orcish Mines
 27587 | Orc:2    | Found a dark tunnel.
 27661 | Orc:2    | Reached skill level 10 in Short Blades
 27669 | Volcano  | Entered a volcano
 27777 | Volcano  | Found a radiant altar of Vehumet.
 27820 | Volcano  | Gained mutation: Your spells are a little harder to cast,
                  | but a little more powerful. [potion of mutation]
 27820 | Volcano  | Gained mutation: You are partially covered in iridescent
                  | scales. (AC +2) [potion of mutation]
 27820 | Volcano  | Gained mutation: Scrolls take you a little longer to read.
                  | [potion of mutation]
 27820 | Volcano  | Gained mutation: You are resistant to hostile enchantments.
                  | (MR+) [potion of mutation]
 27906 | Volcano  | HP: 5/105 [something (14)]
 28573 | Orc:2    | Found a staircase to the Elven Halls.
 29025 | D:11     | Killed Snorg
 29490 | D:11     | Killed Gastronok
 29490 | D:11     | Reached XP level 15. HP: 110/110 MP: 28/28
 30830 | Orc:1    | Reached skill level 5 in Long Blades
 31187 | Temple   | Entered the Ecumenical Temple
 31311 | Temple   | Fell from the grace of Gozag
 31311 | Temple   | Became a worshipper of Sif Muna the Loreminder
 31470 | Orc:2    | Killed from afar by an orc wizard

Skill      XL: |  1  2  3  4  5  6  7  8  9 10 11 12 13 14 15 |
---------------+----------------------------------------------+-----
Armour         | 2 3 4 5 7 |  7.5
Short Blades   | 2 3 4 5 7 8 9 10 | 10.1
Fighting       | 2 3 5 6 7 8 |  8.3
Stealth        | 2 3 4 5 |  5.8
Dodging        | 3 4 5 6 7 8 9 |  9.8
Evocations     | 4 5 |  5.2
Long Blades    | 1 2 3 5 |  5.3
Ice Magic      | 1 4 6 8 9 |  9.6
Spellcasting   | 1 3 6 8 9 |  9.8
Conjurations   | 1 3 5 6 |  6.8
Charms         | 1 4 5 |  5.6
Translocations | 1 |  1.6
Air Magic      | 1 |  1.6

Action                   |  1- 3 |  4- 6 |  7- 9 | 10-12 | 13-15 || total
-------------------------+-------+-------+-------+-------+-------++-------
Melee: Short sword       |   120 |       |       |       |       ||   120
       Dagger            |       |   152 |   411 |  1095 |   954 ||  2612
       Falchion          |       |       |    21 |       |   286 ||   307
 Cast: Ozocubu's Armour  |       |       |       |    22 |    79 ||   101
       Throw Frost       |       |       |       |    10 |    10 ||    20
       Throw Icicle      |       |       |       |    22 |   195 ||   217
       Blink             |       |       |       |     1 |     4 ||     5
       Swiftness         |       |       |       |       |     1 ||     1
Invok: Call Merchant     |       |       |       |     1 |     1 ||     2
Evoke: Wand              |    15 |     9 |    13 |    42 |     8 ||    87
  Use: Scroll            |       |       |     9 |     8 |    12 ||    29
       Potion            |       |       |       |     4 |    22 ||    26
 Stab: Sleeping          |     1 |     7 |     1 |     9 |     6 ||    24
       Distracted        |       |       |       |     4 |     7 ||    11
       Paralysed         |       |       |       |       |     1 ||     1
  Eat: Chunk             |     1 |     5 |       |       |       ||     6
       Ration            |       |     1 |     3 |    10 |    19 ||    33
Armor: Leather armour    |    40 |    24 |    45 |    21 |   333 ||   463
       Scale mail        |       |       |       |   122 |       ||   122
       Robe              |       |       |       |    60 |       ||    60
Dodge: Dodged            |   118 |    89 |   196 |   352 |   833 ||  1588
Block: Other             |       |       |    47 |   111 |   188 ||   346
       Reflection        |       |       |     1 |     5 |       ||     6
       Rpst.: Falchion   |       |       |     5 |       |    71 ||    76
